 Dungeon Crawl Stone Soup version 0.22.0-18-ge075c0d (console) character file.

88 removed the Caller (level 4, -2/23 HPs)
             Began as a Vine Stalker Summoner on Aug 18, 2018.
             Slain by an orc
             ... wielding a +0 hand axe
              (7 damage)
             ... on level 3 of the Dungeon.
             The game lasted 00:06:08 (2754 turns).

removed the Caller (Vine Stalker Summoner)          Turns: 2754, Time: 00:06:09

Health: -2/23      AC:  3    Str: 10    XL:     4   Next: 54%
Magic:  0/8        EV: 12    Int: 16    God:
Gold:   68         SH:  0    Dex: 15    Spells: 6/7 levels left

rFire    . . .     SeeInvis .   a - +1 dagger (pain)
rCold    . . .     Gourm    .   (no shield)
rNeg     . . .     Faith    .   d - +0 robe
rPois    .         Spirit   +   p - +0 helmet
rElec    .         Reflect  .   (no cloak)
rCorr    .         Harm     .   (no gloves)
MR       .....                  (no boots)
Stlth    ++........             (no amulet)
HPRegen  0.47/turn              (no ring)
MPRegen  0.11/turn              (no ring)

@: no status effects
A: fangs 2, regeneration 1, magic shield, antimagic bite, no potion heal 3, rot
immunity
a: no special abilities


You were on level 3 of the Dungeon.
You were hungry.

You visited 1 branch of the dungeon, and saw 3 of its levels.

You collected 68 gold pieces.

Inventory:

Hand Weapons
 a - a +1 dagger of pain (weapon)
 e - a +0 spear
Armour
 d - a +0 robe (worn)
 p - a +0 helmet (worn)
Scrolls
 f - 2 scrolls of enchant weapon {unknown}
 j - a scroll of amnesia {unknown}
 k - 4 scrolls of identify {unknown}
 l - a scroll of teleportation {unknown}
Potions
 i - a potion of might {unknown}
 m - a potion of degeneration {unknown}
 o - a potion of flight {unknown}
Comestibles
 c - 3 rations


   Skills:
 - Level 2.3 Fighting
 + Level 2.5 Short Blades
 - Level 1.5 Dodging
 - Level 2.4 Stealth
 - Level 2.1 Spellcasting
 - Level 4.0 Summonings


You had 6 spell levels left.
You knew the following spells:

 Your Spells              Type           Power        Failure   Level  Hunger
a - Summon Small Mammal   Summ           ##..         4%          1    #......

Your spell library contained the following spells:

 Spells                   Type           Power        Failure   Level  Hunger
 Call Imp                 Summ           ##......     6%          2    ###....
 Call Canine Familiar     Summ           ##......     12%         3    ###....
 Summon Guardian Golem    Hex/Summ       #.......     26%         3    ###....
 Summon Ice Beast         Ice/Summ       #.......     65%         4    #####..
 Summon Lightning Spire   Summ/Air       #.......     65%         4    #####..


Dungeon Overview and Level Annotations

Branches:
Dungeon (3/15)

Altars:
Fedhas
Nemelex Xobeh
Qazlal

Annotations:
D:2 Terence


Innate Abilities, Weirdness & Mutations

You have extremely sharp teeth.
Your natural rate of healing is unusually fast.
When hurt, damage is shared between your health and your magic reserves.
Your bite disrupts and absorbs the magic of your enemies.
Potions cannot restore your health.
You are immune to rotting.


Message History

The puff of frost hits you!
Ouch! That really hurt!
* * * LOW HITPOINT WARNING * * *
Press: ? - help, v - describe, . - travel, g - get item
Here: an orc wizard, wielding a dagger and wearing a robe (severely wounded)
A trident.
There is something else lying underneath.
An open door.
Okay, then.
You aren't carrying any items that you can evoke without wielding.
You hit the orc wizard. You bite the orc wizard.
You kill the orc wizard!
The orc barely misses you.
Unknown command.
There is a fountain of clear blue water here.
You see here a leather armour.
You closely miss the orc.
The orc is heavily wounded.
The orc hits you with a hand axe!
You die...

+.......... ####....#####.
.### ##........# ..(.
#......<..# .... #.........#
.... #.........# .......
....#####.........### .......
>.............####..# .......
.............##.@##.# .......
.............#..o.#.##.......
............##.⌠._#..#.......
.....÷....###.....##.#.......
.........o..#....###..###
..........#.)....##.....#
..........###....##.....#
............#.....#.....#
............##.⌠._#.....#


You could see an orc.

Vanquished Creatures
  An orc wizard (D:3)
  An adder (D:2)
  2 dart slugs (D:2)
  2 leopard geckos
  An orc (D:3)
  3 giant cockroaches
  3 goblins
  6 hobgoblins
  5 jackals
  A quokka (D:3)
  3 bats
  5 frilled lizards
  5 kobolds
  4 rats
42 creatures vanquished.

Vanquished Creatures (collateral kills)
  A jackal (D:1)
  A kobold (D:1)
2 creatures vanquished.

Grand Total: 44 creatures vanquished

Notes
Turn   | Place    | Note
-------+----------+-------------------------------------------
     0 | D:1      | removed the Vine Stalker Summoner began the quest for the Orb.
     0 | D:1      | Reached XP level 1. HP: 9/9 MP: 4/4
    42 | D:1      | Reached skill level 1 in Fighting
    46 | D:1      | Reached XP level 2. HP: 5/14 MP: 6/6
   847 | D:1      | Reached XP level 3. HP: 8/18 MP: 4/7
  1192 | D:2      | Found a blossoming altar of Fedhas.
  1202 | D:2      | Noticed Terence
  1577 | D:2      | Reached skill level 1 in Short Blades
  1947 | D:2      | Noticed a phantom
  2655 | D:3      | Gained mutation: Your natural rate of healing is unusually fast. [Vine Stalker growth]
  2655 | D:3      | Reached XP level 4. HP: 23/23 MP: 8/8
  2716 | D:3      | Found a stormy altar of Qazlal.
  2717 | D:3      | Found a sparkling altar of Nemelex Xobeh.
  2754 | D:3      | Slain by an orc

Skill      XL: |  1  2  3  4 |
---------------+-------------+-----
Fighting       | 1 2 |  2.3
Short Blades   | 1 2 |  2.5
Dodging        | |  1.5
Stealth        | |  2.4
Spellcasting   | |  2.1
Summonings     | |  4.0

Action                   |  1- 3 |  4- 6 || total
-------------------------+-------+-------++-------
Melee: Spear             |    27 |       ||    27
       Bite              |    40 |     5 ||    45
       Dagger            |   137 |    23 ||   160
 Cast: Summon Small Mamm |     1 |       ||     1
  Use: Potion            |     2 |       ||     2
 Stab: Sleeping          |     7 |       ||     7
       Distracted        |     1 |       ||     1
  Eat: Chunk             |     4 |     1 ||     5
Armor: Robe              |    29 |     4 ||    33
Dodge: Dodged            |    96 |    17 ||   113
